 Dungeon Crawl Stone Soup version 0.24-a0-408-gcc1054c7ca (webtiles) character file.

Game seed: 13859968392303497841

4447 Azzok the Cleaver (level 10, -4/77 HPs)
             Began as a Ghoul Fighter on June 5, 2019.
             Was a Believer of Okawaru.
             Killed from afar by a quasit (7 damage)
             ... with an exploding inner flame
             ... hexed by the player character
             ... on level 8 of the Dungeon.
             The game lasted 00:10:30 (8329 turns).

Azzok the Cleaver (Ghoul Fighter)                   Turns: 8329, Time: 00:10:31

Health: -4/77      AC: 11    Str: 28      XL:     10   Next: 37%
Magic:  13/13      EV: 10    Int:  3      God:    Okawaru [**....]
Gold:   419        SH:  0    Dex:  6 (8)  Spells: 9/9 levels left

rFire    + + .     SeeInvis .   x - +7 great mace "Firestarter" {inner flame, rF++}
rCold    + . .     Gourm    .   (shield currently unavailable)
rNeg     + + +     Faith    .   G - +0 plate armour
rPois    ∞         Spirit   .   (no helmet)
rElec    .         Reflect  .   (no cloak)
rCorr    .         Harm     .   (no gloves)
MR       .....                  (no boots)
Stlth    ..........             (no amulet)
HPRegen  0.00/turn              s - +3 ring of evasion
MPRegen  0.13/turn              g - +4 ring of strength

@: rotting
A: rotting body, claws 1, carnivore, cold resistance 1, negative energy
resistance 3, inhibited regeneration, torment resistance, unbreathing
a: Heroism, Renounce Religion


You were on level 8 of the Dungeon.
You worshipped Okawaru.
Okawaru was pleased with you.
You were not hungry.

You visited 2 branches of the dungeon, and saw 9 of its levels.

You collected 419 gold pieces.

Inventory:

Hand Weapons
 a - a +0 war axe
 d - a +2 whip of electrocution
 x - the +7 great mace "Firestarter" (weapon) {inner flame, rF++}
   (You found it on level 5 of the Dungeon)

   It has been specially enchanted to burn those struck by it, causing extra
   injury to most foes and up to half again as much damage against particularly
   susceptible opponents.
   It greatly protects you from fire.
Armour
 c - a +0 shield
 G - a +0 plate armour (worn)
Jewellery
 g - a +4 ring of strength (right claw)
 s - a +3 ring of evasion (left claw)
 J - a +2 ring of intelligence {unknown}
Wands
 p - a wand of iceblast (3)
 C - a wand of paralysis (12)
 D - a wand of random effects (22)
 H - a wand of digging (3)
Scrolls
 h - 6 scrolls of remove curse
 i - 2 scrolls of enchant weapon
 j - 2 scrolls of fog {unknown}
 k - 7 scrolls of teleportation
 m - 2 scrolls of immolation {unknown}
 q - 3 scrolls of enchant armour {unknown}
 r - 3 scrolls of random uselessness {unknown}
 t - 4 scrolls of identify
 y - a scroll of magic mapping {unknown}
 A - a scroll of amnesia {unknown}
 I - a scroll of fear {unknown}
Potions
 b - 3 potions of heal wounds {unknown}
 e - 2 potions of agility
 l - a potion of resistance {unknown}
 n - 5 potions of curing {unknown}
 o - 2 potions of flight {unknown}
 u - 2 potions of degeneration {unknown}
 v - a potion of lignification {unknown}
 w - a potion of experience {unknown}
 B - a potion of might
 E - 2 potions of berserk rage {unknown}
 F - a potion of brilliance {unknown}
Comestibles
 f - 11 rations


   Skills:
 - Level 3.2 Fighting
 * Level 12.5 Axes
 - Level 2.6 Armour
 - Level 2.6 Shields
 + Level 5.5 Invocations


You had 9 spell levels left.
You didn't know any spells.
Your spell library was empty.

Dungeon Overview and Level Annotations

Branches:
Dungeon (8/15)             Temple (1/1) D:5
   Lair: D:8-11

Altars:
Ashenzari
Cheibriados
Dithmenos
Elyvilon
Fedhas
Gozag
Hepliaklqana
Kikubaaqudgha
Makhleb
Nemelex Xobeh
Okawaru
Qazlal
Ru
Sif Muna
Trog
Uskayaw
Vehumet
Wu Jian
Xom
Yredelemnul
Zin
The Shining One

Shops:
D:7 =


Innate Abilities, Weirdness & Mutations

Your body is rotting away.
You thrive on raw meat.
You are immune to poison.
You have sharp fingernails.
You are carnivorous and can eat meat at any time.
Your flesh is cold resistant. (rC+)
You are immune to negative energy. (rN+++)
You do not regenerate when monsters are visible.
You are immune to unholy pain and torment.
You can survive without breathing.


Message History

The centaur closely misses you. The centaur hits you.
* * * LOW HITPOINT WARNING * * *
The quasit bites you but does no damage.
The quasit closely misses you.
The quasit claws you but does no damage.
You thump the quasit! You burn the quasit.
The quasit is filled with an inner flame.
The quasit is severely wounded.
The centaur hits you but does no damage.
The quasit bites you but does no damage.
The quasit claws you but does no damage. x2
The centaur barely misses you.
The quasit bites you but does no damage.
The quasit claws you.
* * * LOW HITPOINT WARNING * * *
The quasit barely misses you.
You sock the quasit! You burn the quasit.
The quasit explodes!
The fiery explosion engulfs you! You resist.
You die...

▒··▒▒▒▒'▒▒▒
▒··▒▒♣···♣▒
▒··▒▒·····▒
▒▒··▒▒♣···♣▒
▒···▒▒·····▒
▒···▒▒▒▒_▒▒▒
▒·()▒▒▒▒▒▒
▒▒†·))·▒▒▒▒▒··
▒(○·((@c<···▒
······†)··§·§······
······▒···§§§·)·▒·▒
···············▒▒
·····▒···········
··$··▒·▒·%········
··[····▒···········
▒···▒·▒▒▒··▒▒▒▒▒···


You could see a centaur.

Vanquished Creatures
  Pikel (D:4)
  Joseph (D:7)
  Prince Ribbit (D:5)
  A hippogriff (D:7)
  Grinder (D:4)
  Eustachio (D:4)
  3 sky beasts
  A phantom (D:4)
  3 orc warriors
  3 ice beasts
  A slave (D:4)
  2 ogres (D:4)
  A centaur (D:7)
  7 bullfrogs
  A wyvern zombie (D:7)
  2 scorpions (D:5)
  3 wights (D:6)
  3 howler monkeys (D:6)
  4 crimson imps
  5 hounds
  2 jellies (D:8)
  3 orc priests
  3 orc wizards
  Natasha (D:4)
  6 worker ants
  2 hound skeletons
  4 gnolls (D:6)
  12 adders
  2 oozes
  An adder zombie (D:7)
  5 worms
  A dart slug (D:1)
  17 orcs
  7 giant cockroaches
  6 goblins
  5 hobgoblins
  19 jackals
  4 quokkas
  A ball python (D:1)
  A ball python skeleton (D:5)
  8 bats
  4 frilled lizards
  A giant cockroach zombie (D:5)
  7 kobolds
  A leopard gecko zombie (D:5)
  3 rats (D:2)
171 creatures vanquished.

Vanquished Creatures (others)
  18 fungi (D:8)
  A plant (D:8)
  4 toadstools (D:1)
23 creatures vanquished.

Grand Total: 194 creatures vanquished

Notes
Turn   | Place    | Note
-------+----------+-------------------------------------------
     0 | D:1      | Azzok the Ghoul Fighter began the quest for the Orb.
     0 | D:1      | Reached XP level 1. HP: 19/19 MP: 0/0
    59 | D:1      | Reached skill level 2 in Axes
   177 | D:1      | Reached XP level 2. HP: 26/26 MP: 1/1
   733 | D:2      | Reached skill level 3 in Axes
   748 | D:2      | Reached XP level 3. HP: 31/31 MP: 2/2
  1168 | D:2      | Found a shattered altar of Ashenzari.
  1206 | D:2      | Reached XP level 4. HP: 34/38 MP: 3/3
  1241 | D:2      | Noticed a +0 hand axe
  1241 | D:2      | Noticed a +0 dagger
  1249 | D:2      | Found a hide-covered altar of Uskayaw.
  1377 | D:2      | Reached skill level 4 in Axes
  1902 | D:3      | Found a sparkling altar of Nemelex Xobeh.
  2122 | D:3      | Reached XP level 5. HP: 45/45 MP: 4/4
  2409 | D:3      | Found a glowing silver altar of Zin.
  2688 | D:4      | Noticed an ogre
  2690 | D:4      | Noticed an ogre
  2707 | D:4      | Killed an ogre
  2707 | D:4      | Reached skill level 5 in Axes
  2709 | D:4      | Killed an ogre
  2709 | D:4      | Reached XP level 6. HP: 41/51 MP: 5/5
  2743 | D:4      | Noticed Natasha
  2750 | D:4      | Killed Natasha
  2750 | D:4      | Reached skill level 6 in Axes
  2969 | D:4      | Noticed Grinder
  2979 | D:4      | Killed Grinder
  2979 | D:4      | Reached skill level 7 in Axes
  2979 | D:4      | Reached XP level 7. HP: 52/57 MP: 6/6
  3058 | D:4      | Noticed Eustachio
  3072 | D:4      | Killed Eustachio
  3113 | D:4      | Reached skill level 8 in Axes
  3341 | D:4      | Reached XP level 8. HP: 49/63 MP: 7/7
  3411 | D:5      | Entered Level 5 of the Dungeon
  3412 | D:5      | Noticed Pikel
  3538 | D:4      | Killed Pikel
  3538 | D:4      | Reached skill level 9 in Axes
  3830 | D:5      | Noticed Prince Ribbit
  3858 | D:5      | Killed Prince Ribbit
  3858 | D:5      | Reached skill level 10 in Axes
  4209 | D:5      | Found the +7 great mace "Firestarter" {inner flame, rF++}
  4209 | D:5      | Found a staircase to the Ecumenical Temple.
  4243 | Temple   | Entered the Ecumenical Temple
  4429 | Temple   | Became a worshipper of Warmaster Okawaru
  4531 | D:5      | Reached XP level 9. HP: 69/70 MP: 8/8
  4554 | D:5      | Found a burning altar of Makhleb.
  4884 | D:5      | Found a blossoming altar of Fedhas.
  5213 | D:6      | Reached skill level 1 in Invocations
  5221 | D:6      | Reached skill level 11 in Axes
  5677 | D:6      | Reached * piety under Okawaru
  7195 | D:7      | Noticed Joseph
  7218 | D:7      | Killed Joseph
  7388 | D:7      | Reached XP level 10. HP: 66/76 MP: 12/12
  7490 | D:7      | Found a bloodstained altar of Trog.
  7526 | D:7      | Reached skill level 12 in Axes
  7705 | D:7      | Found Foloeff's Jewellery Shop.
  8191 | D:8      | Found a glowing golden altar of the Shining One.
  8213 | D:8      | Reached skill level 5 in Invocations
  8246 | D:8      | Reached ** piety under Okawaru
  8328 | D:8      | HP: 3/77 [quasit (2)]
  8329 | D:8      | Killed from afar by a quasit

Levels and vault maps discovered:
D:1:      ldierk_walled_garden_2, layout_basic
D:2:      layout_basic, evilmike_ruin_ashenzari, dancing_weapons_uskayaw
D:3:      layout_loops_corners, nemelex_xobeh_ov_fountains_minmay,
          zin_scriptorium, first_ration
D:4:      layout_basic, minmay_fractal_squares_5, uniq_grinder, uniq_natasha,
          uniq_eustachio
D:5:      layout_loops_ring, lemuel_crystal_altar, makhleb_heckhound_becter,
          minmay_temple_entry_wispy, uniq_pikel, uniq_prince_ribbit1
D:6:      layout_basic, moated_statue, st_stairs_1
D:7:      layout_layer_cave, nicolae_overflow_crystal_walls, serial_shops,
          kennysheep_mini_moat, corner_web_ring, uniq_joseph
D:8:      layout_rooms, tso_altar, due_lair_maze_entry_diamond, enter_bailey_2,
          grunt_livestock, minmay_joined_circles
Temple:   eino_narrow_crystal_temple

Skill      XL: |  1  2  3  4  5  6  7  8  9 10 |
---------------+-------------------------------+-----
Axes           | 2 3 4 5 7 8 10 11 12 | 12.5
Invocations    | 4 5 |  5.5
Fighting       | |  3.2
Armour         | |  2.6
Shields        | |  2.6

Action                   |  1- 3 |  4- 6 |  7- 9 | 10-12 || total
-------------------------+-------+-------+-------+-------++-------
Melee: War axe           |   119 |   140 |    83 |       ||   342
       Whip              |       |       |    30 |       ||    30
       Great mace        |       |       |   121 |    55 ||   176
  Use: Potion            |       |     1 |     1 |       ||     2
       Scroll            |       |       |     4 |       ||     4
  Eat: Chunk             |     5 |     4 |    17 |    10 ||    36
Armor: Scale mail        |    83 |    50 |     6 |       ||   139
       Chain mail        |       |       |    93 |       ||    93
       Plate armour      |       |       |     7 |    61 ||    68
Dodge: Dodged            |    57 |    60 |   123 |    48 ||   288
Block: Shield            |    80 |    65 |    49 |       ||   194

Table legend:
 A = Non-vault XP
 B = Vault XP
 C = Vault XP percentage of total XP
 D = Non-vault monster count
 E = Vault monster count
 F = Vault count percentage of total count
                 A         B        C        D         E       F
            +---------+---------+-------+---------+---------+-------
      Total |    4491 |    1863 |  29.3 |     163 |       7 |   4.1
            +---------+---------+-------+---------+---------+-------
        D:1 |      29 |       0 |   0.0 |      16 |       0 |   0.0
        D:2 |      71 |       0 |   0.0 |      20 |       0 |   0.0
        D:3 |      74 |       0 |   0.0 |      19 |       0 |   0.0
        D:4 |     634 |    1092 |  63.3 |      21 |       4 |  16.0
        D:5 |     590 |     316 |  34.9 |      19 |       2 |   9.5
        D:6 |    1073 |       0 |   0.0 |      26 |       0 |   0.0
        D:7 |    1031 |     455 |  30.6 |      22 |       1 |   4.3
        D:8 |     989 |       0 |   0.0 |      20 |       0 |   0.0
            +---------+---------+-------+---------+---------+-------
